[Event "Int SVK-ch GM 2020"]
[Site "Drienica"]
[Date "2020.08.07"]
[Round "1.2"]
[White "Nayhebaver, Martin"]
[Black "Druska, Juraj"]
[Result "1-0"]
[ECO "C02"]
[WhiteElo "2482"]
[BlackElo "2515"]
[Annotator "ChessBase"]
[PlyCount "73"]
[EventDate "2020.08.07"]
[EventType "tourn"]
[EventCountry "SVK"]
[SourceTitle "playchess.com"]
[Source "ChessBase"]
[SourceQuality "1"]
[TimeControl "40/5400+30:1800+30"]

1. e4 e6 2. d4 d5 3. e5 c5 4. c3 Nc6 5. Nf3 Bd7 6. a3 f6 7. Bd3 Qc7 8. O-O c4 9. Bc2 f5 10. Nbd2 Nge7 11. b3 Na5 12. a4 b6 13. Re1 Rc8 14. b4 Nac6 15. h4 a5 16. b5 Nd8 17. Nf1 Nf7 18. Ng3 g6 19. Ne2 Bh6 20. Ng5 Nxg5 21. hxg5 Bg7 22. Nf4 Kf7 23. Ba3 Rcf8 24. g4 fxg4 25. Qxg4 Qc8 26. Re3 Ke8 27. Rh3 Rf7 28. Bxe7 Kxe7 29. Re1 Qa8 30. Nxd5+ Kf8 31. Nxb6 Qd8 32. Nxc4 Rf5 33. f4 Kg8 34. Nd6 Bf8 35. Nxf5 gxf5 36. Qg2 Qe7 37. Bb3 1-0

[Event "Int SVK-ch GM 2020"]
[Site "Drienica"]
[Date "2020.08.07"]
[Round "1.4"]
[White "Jablonicky, Martin"]
[Black "Jurcik, Marian"]
[Result "1-0"]
[ECO "C78"]
[WhiteElo "2314"]
[BlackElo "2441"]
[Annotator "RC"]
[PlyCount "85"]
[EventDate "2020.08.07"]
[EventType "tourn"]
[EventCountry "SVK"]
[SourceTitle "playchess.com"]
[Source "ChessBase"]
[SourceQuality "1"]
[TimeControl "40/5400+30:1800+30"]

1. e4 e5 2. Nf3 Nc6 3. Bb5 a6 4. Ba4 Nf6 5. O-O b5 6. Bb3 Bc5 7. d3 O-O 8. Nc3 d6 9. Bg5 h6 10. Bh4 Nd4 11. Nd5 Nxb3 12. Nxf6+ gxf6 13. axb3 Qe7 14. Nd2 Qe6 15. Kh1 Qg4 16. Qxg4+ Bxg4 17. h3 Be6 18. Bxf6 a5 19. c3 b4 20. d4 bxc3 21. bxc3 Bb6 22. d5 Bd7 23. Nc4 Rfb8 24. f4 exf4 25. Rxf4 Bc5 26. Rf3 Kh7 27. Rxa5 Rxa5 28. Nxa5 Ra8 29. b4 Bb6 30. e5 h5 31. Nc4 Ra1+ 32. Kh2 Bg1+ 33. Kg3 Rd1 34. Bd8 Bb5 35. exd6 cxd6 36. Nxd6 Be2 37. Rxf7+ Kg8 38. Re7 Rd3+ 39. Kh4 Bf2+ 40. Kg5 Rxd5+ 41. Kf4 Bd3 42. Re8+ Kh7 43. Ne4 1-0

[Event "Int SVK-ch GM 2020"]
[Site "Drienica"]
[Date "2020.08.10"]
[Round "4.1"]
[White "Gazik, Viktor"]
[Black "Jurcik, Marian"]
[Result "1-0"]
[ECO "E91"]
[WhiteElo "2502"]
[BlackElo "2441"]
[Annotator "ChessBase"]
[PlyCount "70"]
[EventDate "2020.08.07"]
[EventType "tourn"]
[EventCountry "SVK"]
[SourceTitle "playchess.com"]
[Source "ChessBase"]
[SourceQuality "1"]
[TimeControl "40/5400+30:1800+30"]

1. d4 Nf6 2. c4 g6 3. Nc3 Bg7 4. e4 d6 5. Nf3 O-O 6. Be2 Nbd7 7. O-O e5 8. Qc2 c6 9. Rd1 Qe7 10. dxe5 dxe5 11. a3 Re8 12. b4 b6 13. h3 Nh5 14. Be3 Nf4 15. Bf1 Qf6 16. g3 Ne6 17. Bg2 Ndf8 18. c5 bxc5 19. bxc5 Rd8 20. Qa4 Bd7 21. Rd6 Qe7 22. Rad1 h6 23. Kh2 Be8 24. Qa5 Rdb8 25. h4 f5 26. Ne2 Qf7 27. Qd2 f4 28. gxf4 exf4 29. Bd4 Bxd4 30. Nfxd4 Nxc5 31. e5 Nb3 32. Nxb3 f3 33. Rf6 Qxb3 34. Qxh6 Bf7 35. e6 Nxe6 1-0

[Event "Int SVK-ch GM 2020"]
[Site "Drienica"]
[Date "2020.08.10"]
[Round "4.2"]
[White "Kostolansky, Sebastian Lukas"]
[Black "Pechac, Jergus"]
[Result "0-1"]
[ECO "C65"]
[WhiteElo "2402"]
[BlackElo "2498"]
[Annotator "ChessBase"]
[PlyCount "142"]
[EventDate "2020.08.07"]
[EventType "tourn"]
[EventCountry "SVK"]
[SourceTitle "playchess.com"]
[Source "ChessBase"]
[SourceQuality "1"]
[TimeControl "40/5400+30:1800+30"]

1. e4 e5 2. Nf3 Nc6 3. Bb5 Nf6 4. d3 Bc5 5. c3 O-O 6. O-O d6 7. Nbd2 Bb6 8. Nc4 Ne7 9. Nxb6 axb6 10. Re1 c6 11. Bc4 Ng6 12. d4 Bg4 13. h3 Bxf3 14. Qxf3 exd4 15. cxd4 Nxe4 16. Qxe4 d5 17. Bxd5 cxd5 18. Qf5 Ne7 19. Qg4 Nc6 20. Bd2 Qd6 21. Bc3 Rfe8 22. a3 g6 23. Rxe8+ Rxe8 24. Re1 Rxe1+ 25. Bxe1 Qe6 26. Bc3 Qxg4 27. hxg4 b5 28. f3 f6 29. Kf2 Kf7 30. Ke3 Ke6 31. Kf4 h6 32. Kg3 Kd7 33. Kf4 Kc7 34. Ke3 b4 35. Bd2 bxa3 36. bxa3 Kb6 37. Kd3 g5 38. a4 Ka6 39. Be1 Kb6 40. Bd2 Kc7 41. Kc3 Kd6 42. Kd3 Ke6 43. Ke3 f5 44. gxf5+ Kxf5 45. g4+ Kg6 46. Bc3 h5 47. Kf2 h4 48. Ke3 Kf6 49. Be1 Nd8 50. Bb4 Nc6 51. Bc3 Ke7 52. Be1 Kf7 53. Bc3 Kf6 54. Be1 Ke7 55. Bc3 Nd8 56. Bb4+ Kd7 57. Kf2 Ne6 58. Bd2 Kc6 59. Kg2 b5 60. axb5+ Kxb5 61. Kh3 Kc4 62. f4 Nxf4+ 63. Bxf4 gxf4 64. g5 f3 65. g6 Kd3 66. g7 f2 67. g8=Q f1=Q+ 68. Kh2 Qf2+ 69. Kh1 Qe1+ 70. Kg2 Qg3+ 71. Qxg3+ hxg3 0-1

[Event "Int SVK-ch GM 2020"]
[Site "Drienica"]
[Date "2020.08.10"]
[Round "4.3"]
[White "Druska, Juraj"]
[Black "Petenyi, Tamas"]
[Result "0-1"]
[ECO "B00"]
[WhiteElo "2515"]
[BlackElo "2436"]
[Annotator "ChessBase"]
[PlyCount "88"]
[EventDate "2020.08.07"]
[EventType "tourn"]
[EventCountry "SVK"]
[SourceTitle "playchess.com"]
[Source "ChessBase"]
[SourceQuality "1"]
[TimeControl "40/5400+30:1800+30"]

1. e4 Nc6 2. Nf3 d6 3. d4 Nf6 4. Nc3 g6 5. Be3 Bg7 6. Qd2 Bg4 7. O-O-O O-O 8. Be2 e5 9. d5 Bxf3 10. Bxf3 Nd4 11. Be2 c6 12. dxc6 bxc6 13. Bxd4 exd4 14. Qxd4 Nd5 15. Qxg7+ Kxg7 16. exd5 c5 17. h4 Rb8 18. Rd3 Re8 19. Rf3 Qa5 20. Bc4 Rb4 21. b3 Rxc4 22. bxc4 Qb4 23. g3 Qxc4 24. Rd1 Qb4 25. Rdd3 Re1+ 26. Rd1 Re5 27. Rdd3 Re1+ 28. Rd1 Re7 29. Rdd3 a5 30. a4 Qa3+ 31. Kd2 Re5 32. Rde3 Qb4 33. Rf4 Rxd5+ 34. Ke2 Rd4 35. Rff3 Qb7 36. Kf1 d5 37. Kg2 Rd2 38. Nb5 Qd7 39. c3 Ra2 40. Rf4 d4 41. cxd4 Rxa4 42. Nc3 Rxd4 43. Rff3 Qb7 44. Re5 Rd3 0-1

[Event "Int SVK-ch GM 2020"]
[Site "Drienica"]
[Date "2020.08.10"]
[Round "4.4"]
[White "Mazur, Stefan"]
[Black "Jablonicky, Martin"]
[Result "1/2-1/2"]
[ECO "C48"]
[WhiteElo "2449"]
[BlackElo "2314"]
[Annotator "ChessBase"]
[PlyCount "119"]
[EventDate "2020.08.07"]
[EventType "tourn"]
[EventCountry "SVK"]
[SourceTitle "playchess.com"]
[Source "ChessBase"]
[SourceQuality "1"]
[TimeControl "40/5400+30:1800+30"]

1. e4 e5 2. Nf3 Nf6 3. Nc3 Nc6 4. Bb5 Nd4 5. O-O Nxb5 6. Nxb5 c6 7. Nc3 d6 8. d4 Qc7 9. Bg5 Be7 10. h3 O-O 11. a4 h6 12. Bxf6 Bxf6 13. d5 Be7 14. Qd3 Kh8 15. Rad1 f5 16. Nxe5 dxe5 17. d6 Bxd6 18. Qxd6 Qxd6 19. Rxd6 fxe4 20. Nd1 Bf5 21. Ne3 Rf7 22. g4 Bh7 23. Rfd1 Raf8 24. R1d2 Bg8 25. a5 a6 26. c4 Kh7 27. b4 g6 28. h4 Re7 29. b5 axb5 30. cxb5 cxb5 31. Rb6 Bc4 32. Rdd6 Rg7 33. Kg2 h5 34. g5 Ra8 35. Nd5 Bxd5 36. Rxd5 Rxa5 37. Rxe5 Ra2 38. Rf6 Ra6 39. Rf8 Rb6 40. Rxe4 b4 41. Rff4 b3 42. Rb4 Rxb4 43. Rxb4 Rf7 44. Rxb3 Kg7 45. Kg3 Kh7 46. f4 Kg7 47. Kf3 Kh7 48. Rb5 Kg7 49. Rb6 Rc7 50. Ke4 Re7+ 51. Kd5 Rf7 52. Rb4 Rf5+ 53. Kd6 b5 54. Ke6 Kg8 55. Rd4 Kg7 56. Rd7+ Kg8 57. Rb7 Rxf4 58. Rxb5 Kg7 59. Rb7+ Kg8 60. Rb8+ 1/2-1/2

[Event "Int SVK-ch GM 2020"]
[Site "Drienica"]
[Date "2020.08.10"]
[Round "4.5"]
[White "Nayhebaver, Martin"]
[Black "Mrva, Martin"]
[Result "1-0"]
[ECO "C67"]
[WhiteElo "2482"]
[BlackElo "2386"]
[Annotator "ChessBase"]
[PlyCount "65"]
[EventDate "2020.08.07"]
[EventType "tourn"]
[EventCountry "SVK"]
[SourceTitle "playchess.com"]
[Source "ChessBase"]
[SourceQuality "1"]
[TimeControl "40/5400+30:1800+30"]

1. e4 e5 2. Nf3 Nc6 3. Bb5 Nf6 4. O-O Nxe4 5. Re1 Nd6 6. Nxe5 Be7 7. Bf1 Nf5 8. c3 Nxe5 9. Rxe5 d6 10. Re1 O-O 11. d4 d5 12. Bd3 Bd6 13. Nd2 Nh4 14. g3 Qf6 15. gxh4 Bxh2+ 16. Kh1 Bd6 17. Qh5 g6 18. Qg5 Qxf2 19. Re2 Qg3 20. Qxg3 Bxg3 21. Nf3 Bg4 22. Kg2 Bxf3+ 23. Kxf3 Bxh4 24. Bf4 Rac8 25. Rh1 Bf6 26. Reh2 c5 27. dxc5 Rfd8 28. Bd6 b6 29. Ba6 Rxc5 30. Bxc5 bxc5 31. Rxh7 Rb8 32. R7h2 c4 33. Rd1 1-0

[Event "Int SVK-ch GM 2020"]
[Site "Drienica"]
[Date "2020.08.11"]
[Round "5.1"]
[White "Mrva, Martin"]
[Black "Gazik, Viktor"]
[Result "0-1"]
[ECO "B10"]
[WhiteElo "2386"]
[BlackElo "2502"]
[Annotator "ChessBase"]
[PlyCount "76"]
[EventDate "2020.08.07"]
[EventType "tourn"]
[EventCountry "SVK"]
[SourceTitle "playchess.com"]
[Source "ChessBase"]
[SourceQuality "1"]
[TimeControl "40/5400+30:1800+30"]

1. e4 c6 2. Nc3 d5 3. Nf3 Nf6 4. Qe2 Bg4 5. exd5 Nxd5 6. h3 Bf5 7. d3 Nd7 8. Nxd5 cxd5 9. Nd4 Bg6 10. h4 Qb6 11. c3 f6 12. Be3 e5 13. h5 Bf7 14. Nf5 d4 15. Bc1 Be6 16. Qf3 Rc8 17. Be2 dxc3 18. bxc3 Rxc3 19. O-O g6 20. Ng3 f5 21. Bg5 Be7 22. Bh6 Qc6 23. Rac1 Rxc1 24. Rxc1 Qxf3 25. Bxf3 Kf7 26. Rc7 Rb8 27. Bxb7 Bd8 28. Rc8 Rxc8 29. Bxc8 g5 30. Ne2 Bf6 31. g4 fxg4 32. Nc3 Nc5 33. Ne4 Nxd3 34. Bxg5 Bxc8 35. Nxf6 Bf5 36. Nd5 Be6 37. Nc3 Nf4 38. h6 Nh3+ 0-1

[Event "Int SVK-ch GM 2020"]
[Site "Drienica"]
[Date "2020.08.11"]
[Round "5.2"]
[White "Jablonicky, Martin"]
[Black "Nayhebaver, Martin"]
[Result "0-1"]
[ECO "B90"]
[WhiteElo "2314"]
[BlackElo "2482"]
[Annotator "ChessBase"]
[PlyCount "76"]
[EventDate "2020.08.07"]
[EventType "tourn"]
[EventCountry "SVK"]
[SourceTitle "playchess.com"]
[Source "ChessBase"]
[SourceQuality "1"]
[TimeControl "40/5400+30:1800+30"]

1. e4 c5 2. Nf3 d6 3. d4 cxd4 4. Nxd4 Nf6 5. Nc3 a6 6. Bc4 Qc7 7. Bb3 e6 8. g4 b5 9. g5 Nfd7 10. Bxe6 fxe6 11. Nxe6 Qc4 12. Qd5 Qxd5 13. Nxd5 Ra7 14. Be3 Rb7 15. O-O-O Ne5 16. Nxf8 Rxf8 17. Nb6 Ke7 18. f4 Nc4 19. Nxc4 bxc4 20. e5 Rd8 21. Rxd6 Rxd6 22. Bc5 Kf7 23. exd6 Rb5 24. Ba3 Rf5 25. Rf1 Nc6 26. Kd2 Nd4 27. b3 Nb5 28. Bb4 Rd5+ 29. Ke3 Nxd6 30. Bxd6 Rxd6 31. bxc4 Be6 32. Rb1 Rc6 33. Rb7+ Kg6 34. h4 Rxc4 35. h5+ Kxh5 36. Rxg7 Bf5 37. Ra7 Ra4 38. c4 Rxc4 0-1

[Event "Int SVK-ch GM 2020"]
[Site "Drienica"]
[Date "2020.08.11"]
[Round "5.3"]
[White "Petenyi, Tamas"]
[Black "Mazur, Stefan"]
[Result "1-0"]
[ECO "C77"]
[WhiteElo "2436"]
[BlackElo "2449"]
[Annotator "ChessBase"]
[PlyCount "56"]
[EventDate "2020.08.07"]
[EventType "tourn"]
[EventCountry "SVK"]
[SourceTitle "playchess.com"]
[Source "ChessBase"]
[SourceQuality "1"]
[TimeControl "40/5400+30:1800+30"]

1. e4 e5 2. Nf3 Nc6 3. Bb5 a6 4. Ba4 Nf6 5. Qe2 b5 6. Bb3 Bc5 7. c3 O-O 8. d3 d6 9. Bg5 h6 10. Bh4 Be6 11. Nbd2 g5 12. Bg3 Qd7 13. h4 g4 14. Nh2 h5 15. f3 Ne7 16. Rf1 Bxb3 17. Nxb3 Qe6 18. Nxc5 dxc5 19. Qe3 Rad8 20. fxg4 Nxg4 21. Nxg4 Qxg4 22. Bxe5 Ng6 23. Bf6 Rd6 24. Qf3 Qe6 25. Rf2 Re8 26. Qxh5 Qd7 27. O-O-O Ree6 28. e5 Rxd3 1-0

[Event "Int SVK-ch GM 2020"]
[Site "Drienica"]
[Date "2020.08.11"]
[Round "5.4"]
[White "Pechac, Jergus"]
[Black "Druska, Juraj"]
[Result "1/2-1/2"]
[ECO "D02"]
[WhiteElo "2498"]
[BlackElo "2515"]
[Annotator "ChessBase"]
[PlyCount "72"]
[EventDate "2020.08.07"]
[EventType "tourn"]
[EventCountry "SVK"]
[SourceTitle "playchess.com"]
[Source "ChessBase"]
[SourceQuality "1"]
[TimeControl "40/5400+30:1800+30"]

1. d4 d5 2. Nf3 e6 3. Bf4 f5 4. e3 Nf6 5. Nbd2 Be7 6. Ne5 O-O 7. h3 a5 8. g4 Nbd7 9. Rg1 Nxe5 10. Bxe5 Bd6 11. Bxf6 Qxf6 12. g5 Qe7 13. f4 c5 14. c3 Bd7 15. Kf2 b5 16. Be2 Rfc8 17. Nf3 c4 18. a3 Ra7 19. Ne5 Rca8 20. Nxd7 Rxd7 21. Qc2 Rb7 22. Ra2 Qc7 23. Kg3 Rc8 24. Bf3 Qc6 25. h4 Kf8 26. Rga1 Ke7 27. Qd2 Rcb8 28. Bd1 Rc7 29. Qe2 Qe8 30. Qh5 Qxh5 31. Bxh5 Rcb7 32. Bd1 Kd7 33. h5 Kc6 34. Kf3 Be7 35. Ke2 h6 36. g6 Kc7 1/2-1/2

[Event "Int SVK-ch GM 2020"]
[Site "Drienica"]
[Date "2020.08.11"]
[Round "5.5"]
[White "Jurcik, Marian"]
[Black "Kostolansky, Sebastian Lukas"]
[Result "1/2-1/2"]
[ECO "B07"]
[WhiteElo "2441"]
[BlackElo "2402"]
[Annotator "ChessBase"]
[PlyCount "142"]
[EventDate "2020.08.07"]
[EventType "tourn"]
[EventCountry "SVK"]
[SourceTitle "playchess.com"]
[Source "ChessBase"]
[SourceQuality "1"]
[TimeControl "40/5400+30:1800+30"]

1. e4 d6 2. d4 Nf6 3. Nc3 g6 4. Be3 Bg7 5. Qd2 c6 6. Bh6 Bxh6 7. Qxh6 Qa5 8. Bd3 c5 9. Nf3 cxd4 10. Nxd4 Qb6 11. O-O-O Nc6 12. Bb5 Bd7 13. Bxc6 bxc6 14. Rhe1 Rb8 15. b3 Qc5 16. Kb2 Ng4 17. Qg7 Qe5 18. Qxe5 dxe5 19. Nf3 f6 20. h3 Nh6 21. Nd2 Nf7 22. Nc4 Be6 23. Na5 c5 24. Nd5 Rc8 25. Nc4 Nd8 26. h4 Nc6 27. c3 Kf7 28. g3 g5 29. hxg5 fxg5 30. f4 exf4 31. gxf4 gxf4 32. Rf1 Rhf8 33. Rxf4+ Kg7 34. Rg1+ Kh8 35. Nce3 Rxf4 36. Nxf4 Bf7 37. Rg5 Nb8 38. Re5 e6 39. Nc4 Nd7 40. Rg5 Rc6 41. e5 Nf8 42. Nd6 Bg6 43. a4 Rc7 44. Rg2 Re7 45. Ka3 Be8 46. Nd3 Nd7 47. Re2 Bh5 48. Re3 Rg7 49. a5 Bd1 50. b4 cxb4+ 51. cxb4 h5 52. b5 h4 53. Nf4 Rg3 54. Rxg3 hxg3 55. Nc8 Nxe5 56. Nxa7 Nd3 57. Ng6+ Kg7 58. Nh4 Be2 59. Nc6 Nc5 60. Kb4 Nd3+ 61. Kc3 Nc5 62. Nd4 Bf1 63. Kb4 Nd7 64. a6 g2 65. Nxg2 Bxg2 66. Nxe6+ Kf6 67. Nc5 Ke7 68. Na4 Kd6 69. Ka5 Kc7 70. b6+ Kc6 71. b7 Kc7 1/2-1/2

[Event "Int SVK-ch GM 2020"]
[Site "Drienica"]
[Date "2020.08.12"]
[Round "6.1"]
[White "Gazik, Viktor"]
[Black "Kostolansky, Sebastian Lukas"]
[Result "1-0"]
[ECO "C12"]
[WhiteElo "2502"]
[BlackElo "2402"]
[Annotator "ChessBase"]
[PlyCount "75"]
[EventDate "2020.08.07"]
[EventType "tourn"]
[EventCountry "SVK"]
[SourceTitle "playchess.com"]
[Source "ChessBase"]
[SourceQuality "1"]
[TimeControl "40/5400+30:1800+30"]

1. e4 e6 2. d4 d5 3. Nc3 Nf6 4. Bg5 Bb4 5. e5 h6 6. Bd2 Bxc3 7. bxc3 Ne4 8. Qg4 Kf8 9. Bd3 Nxd2 10. Kxd2 c5 11. h4 Nc6 12. Qf4 Bd7 13. Nf3 cxd4 14. Nxd4 Nxd4 15. Qxd4 b6 16. g4 Rc8 17. a4 Qc7 18. h5 Ke7 19. f4 Qc5 20. f5 Rc7 21. Rhf1 exf5 22. gxf5 Rhc8 23. Rg1 Kf8 24. Rg3 f6 25. exf6 Qxd4 26. cxd4 gxf6 27. Rg6 Be8 28. Rxf6+ Kg7 29. Rd6 Bxh5 30. Rg1+ Kf8 31. Rxh6 Be8 32. f6 Bxa4 33. Bg6 Rxc2+ 34. Bxc2 Rxc2+ 35. Ke3 Rc6 36. Kf4 Re6 37. Kf5 Bd7 38. Rh8+ 1-0

[Event "Int SVK-ch GM 2020"]
[Site "Drienica"]
[Date "2020.08.12"]
[Round "6.2"]
[White "Druska, Juraj"]
[Black "Jurcik, Marian"]
[Result "1-0"]
[ECO "B56"]
[WhiteElo "2515"]
[BlackElo "2441"]
[Annotator "ChessBase"]
[PlyCount "107"]
[EventDate "2020.08.07"]
[EventType "tourn"]
[EventCountry "SVK"]
[SourceTitle "playchess.com"]
[Source "ChessBase"]
[SourceQuality "1"]
[TimeControl "40/5400+30:1800+30"]

1. e4 c5 2. Nf3 Nf6 3. Nc3 d6 4. d4 cxd4 5. Nxd4 Nc6 6. Nxc6 bxc6 7. Bd3 e5 8. O-O Be7 9. b3 O-O 10. Bb2 Bg4 11. Qd2 d5 12. Rae1 d4 13. Na4 Nh5 14. Be2 Qc8 15. f3 Be6 16. Qa5 f6 17. Nc5 Bf7 18. Nd3 g5 19. g3 Bd8 20. Qd2 Kh8 21. Rf2 Rg8 22. Kh1 c5 23. Ba3 Bb6 24. Qd1 Qh3 25. Rg1 Rac8 26. Rfg2 c4 27. bxc4 Bxc4 28. f4 g4 29. fxe5 Bxd3 30. cxd3 fxe5 31. Rf2 Nf4 32. gxf4 g3 33. Bf1 Qh4 34. Rfg2 exf4 35. Bd6 Rg6 36. Be5+ Kg8 37. Qb3+ Kf8 38. Qb4+ Bc5 39. Qb7 Re8 40. Bxd4 Bxd4 41. Qb4+ Re7 42. Qxd4 Rh6 43. Qh8+ Kf7 44. Qb2 Rc7 45. d4 Rc3 46. e5 Kf8 47. d5 Rc1 48. Qb8+ Kg7 49. Qxa7+ Kf8 50. Qb8+ Kg7 51. Qb2 Rb1 52. Qc2 Rc1 53. Qf2 Kh8 54. Rxg3 1-0

[Event "Int SVK-ch GM 2020"]
[Site "Drienica"]
[Date "2020.08.12"]
[Round "6.3"]
[White "Mazur, Stefan"]
[Black "Pechac, Jergus"]
[Result "0-1"]
[ECO "C67"]
[WhiteElo "2449"]
[BlackElo "2498"]
[Annotator "ChessBase"]
[PlyCount "116"]
[EventDate "2020.08.07"]
[EventType "tourn"]
[EventCountry "SVK"]
[SourceTitle "playchess.com"]
[Source "ChessBase"]
[SourceQuality "1"]
[TimeControl "40/5400+30:1800+30"]

1. e4 e5 2. Nf3 Nc6 3. Bb5 Nf6 4. O-O Nxe4 5. Re1 Nd6 6. a4 Be7 7. Nc3 O-O 8. d4 exd4 9. Nd5 Re8 10. Bf4 b6 11. Bd3 Bb7 12. Qd2 Rc8 13. h4 f6 14. c3 dxc3 15. Qc2 f5 16. Qxc3 Kh8 17. Ng5 Bxg5 18. Bxg5 Rxe1+ 19. Rxe1 Qf8 20. h5 Nf7 21. Bf4 Nce5 22. Ba6 Bxa6 23. Bxe5 Nxe5 24. Qxe5 d6 25. Qc3 Bb7 26. Ne7 Re8 27. Qxc7 Be4 28. Qxd6 Qxe7 29. Qxe7 Rxe7 30. f3 Kg8 31. fxe4 Kf7 32. Kf2 Kf6 33. Kf3 Re5 34. g4 fxg4+ 35. Kxg4 Rg5+ 36. Kh4 Rg2 37. Rf1+ Ke6 38. Rc1 Kd6 39. Rd1+ Ke7 40. Rc1 Kd6 41. Rd1+ Ke6 42. Rc1 Re2 43. Rc7 Rxe4+ 44. Kg5 Re5+ 45. Kg4 Kf6 46. h6 Re7 47. Rc6+ Ke5 48. a5 Kd5 49. Rc1 gxh6 50. axb6 axb6 51. Kf3 Re6 52. Rc7 Rc6 53. Rxh7 Kc4 54. Ke4 b5 55. Rb7 b4 56. Rh7 Kb3 57. Kd5 Rg6 58. Rb7 Rg4 0-1

[Event "Int SVK-ch GM 2020"]
[Site "Drienica"]
[Date "2020.08.12"]
[Round "6.4"]
[White "Nayhebaver, Martin"]
[Black "Petenyi, Tamas"]
[Result "0-1"]
[ECO "B12"]
[WhiteElo "2482"]
[BlackElo "2436"]
[Annotator "ChessBase"]
[PlyCount "116"]
[EventDate "2020.08.07"]
[EventType "tourn"]
[EventCountry "SVK"]
[SourceTitle "playchess.com"]
[Source "ChessBase"]
[SourceQuality "1"]
[TimeControl "40/5400+30:1800+30"]

1. e4 c6 2. d4 g6 3. Nc3 Bg7 4. f4 b5 5. e5 d6 6. Nf3 Nh6 7. Bd3 O-O 8. Ne4 Nd7 9. O-O Nb6 10. Qe2 Bf5 11. Kh1 Qd7 12. b3 b4 13. Bd2 Nd5 14. Rae1 f6 15. Ng3 Bxd3 16. Qxd3 f5 17. Qc4 a5 18. a3 Rab8 19. Ra1 Nf7 20. axb4 axb4 21. Ra6 Rfc8 22. Rfa1 Nd8 23. Ne1 Ne6 24. Nd3 Kh8 25. Ne2 Nec7 26. Ra7 Qe8 27. Nxb4 Nxb4 28. Bxb4 c5 29. dxc5 d5 30. Qc3 Nb5 31. Qd2 Nxa7 32. Rxa7 Qb5 33. c3 d4 34. Rxe7 dxc3 35. Bxc3 Rd8 36. Qe3 Rd1+ 37. Ng1 Rd3 38. Qe1 Qxb3 39. Bd2 Qd5 40. Be3 Qe4 41. Qh4 Qxe3 42. Rxg7 Kxg7 43. Qe7+ Kg8 44. Qe6+ Kf8 45. Qf6+ Ke8 46. c6 Qc5 47. Qh8+ Qf8 48. Qxh7 Rb1 49. h4 Qf7 50. Qh8+ Ke7 51. Kh2 Rd8 52. Qh6 Rxg1 53. Kxg1 Rc8 54. h5 Rxc6 55. Qg5+ Ke8 56. h6 Qe7 57. Qg3 Kf8 58. Qb3 Rc1+ 0-1

[Event "Int SVK-ch GM 2020"]
[Site "Drienica"]
[Date "2020.08.12"]
[Round "6.5"]
[White "Mrva, Martin"]
[Black "Jablonicky, Martin"]
[Result "1-0"]
[ECO "E90"]
[WhiteElo "2386"]
[BlackElo "2314"]
[Annotator "ChessBase"]
[PlyCount "87"]
[EventDate "2020.08.07"]
[EventType "tourn"]
[EventCountry "SVK"]
[SourceTitle "playchess.com"]
[Source "ChessBase"]
[SourceQuality "1"]
[TimeControl "40/5400+30:1800+30"]

1. c4 Nf6 2. Nc3 g6 3. e4 d6 4. d4 Bg7 5. Nf3 O-O 6. h3 e5 7. d5 a5 8. Bg5 Na6 9. Nd2 Qe8 10. Be2 Nd7 11. a3 Nb6 12. b3 f5 13. O-O Bd7 14. Rb1 f4 15. Bh4 g5 16. Bxg5 Qg6 17. h4 h6 18. Be7 Rf7 19. h5 Qh7 20. Bh4 Kh8 21. g4 fxg3 22. fxg3 Raf8 23. Rxf7 Rxf7 24. Bg4 Bf6 25. Bxf6+ Rxf6 26. Kg2 Nc5 27. Bxd7 Qxd7 28. Qe2 Qf7 29. Nd1 Qg7 30. b4 axb4 31. axb4 Ncd7 32. Ne3 Rf8 33. Nf5 Qh7 34. Nf3 Rg8 35. N3h4 Rg5 36. Ng6+ Kg8 37. Nfe7+ Kf7 38. c5 Nf6 39. cxb6 Nxh5 40. Rf1+ Nf4+ 41. Rxf4+ exf4 42. bxc7 Rxg3+ 43. Kh2 Rc3 44. Qg4 1-0

[Event "Int SVK-ch GM 2020"]
[Site "Drienica"]
[Date "2020.08.13"]
[Round "7.2"]
[White "Petenyi, Tamas"]
[Black "Mrva, Martin"]
[Result "1/2-1/2"]
[ECO "C65"]
[WhiteElo "2436"]
[BlackElo "2386"]
[Annotator "ChessBase"]
[PlyCount "133"]
[EventDate "2020.08.07"]
[EventType "tourn"]
[EventCountry "SVK"]
[SourceTitle "playchess.com"]
[Source "ChessBase"]
[SourceQuality "1"]
[TimeControl "40/5400+30:1800+30"]

1. e4 e5 2. Nf3 Nc6 3. Bb5 Nf6 4. Qe2 Bc5 5. c3 O-O 6. d3 h6 7. Be3 Bxe3 8. fxe3 d5 9. Nbd2 a6 10. Bxc6 bxc6 11. Nxe5 dxe4 12. d4 a5 13. O-O Ba6 14. c4 c5 15. Nb3 cxd4 16. Nxd4 Re8 17. Nec6 Qd6 18. Nxa5 Re5 19. b4 Rh5 20. h3 Qxb4 21. Rxf6 Rxa5 22. Rc6 Rc5 23. Rxc5 Qxc5 24. Rc1 Bc8 25. Rb1 Bd7 26. Nb3 Qg5 27. Kh1 Ra6 28. Rd1 Be6 29. Nd4 Bc8 30. Rf1 Rg6 31. g4 Qh4 32. Qh2 h5 33. gxh5 Qxh5 34. Ne2 Qxh3 35. Qxh3 Bxh3 36. Rf2 Bg4 37. Nf4 Rh6+ 38. Kg1 Bf3 39. Rh2 Rd6 40. Nd5 f6 41. Kf2 c6 42. Ne7+ Kf7 43. Nf5 Rd1 44. Nd4 Bg4 45. Nxc6 Rc1 46. Kg3 Be6 47. Nd4 Bxc4 48. a3 Rg1+ 49. Rg2 Rxg2+ 50. Kxg2 g5 51. Kg3 Ke7 52. a4 Kd6 53. Kg4 Ke5 54. Nc6+ Kd6 55. Nd4 Ke5 56. Nc6+ Kd5 57. Nd4 Ba6 58. Kf5 Bc8+ 59. Kxf6 g4 60. Kg5 Kc4 61. Kf4 Kd3 62. a5 g3 63. Kxg3 Kxe3 64. Nb3 Ke2 65. Kf4 e3 66. Nc1+ Kd2 67. Nb3+ 1/2-1/2

[Event "Int SVK-ch GM 2020"]
[Site "Drienica"]
[Date "2020.08.13"]
[Round "7.3"]
[White "Pechac, Jergus"]
[Black "Nayhebaver, Martin"]
[Result "1-0"]
[ECO "E18"]
[WhiteElo "2498"]
[BlackElo "2482"]
[Annotator "ChessBase"]
[PlyCount "81"]
[EventDate "2020.08.07"]
[EventType "tourn"]
[EventCountry "SVK"]
[SourceTitle "playchess.com"]
[Source "ChessBase"]
[SourceQuality "1"]
[TimeControl "40/5400+30:1800+30"]

1. Nf3 Nf6 2. c4 e6 3. g3 b6 4. Bg2 Bb7 5. O-O Be7 6. d4 O-O 7. Nc3 Ne4 8. Bd2 d5 9. cxd5 exd5 10. Qb3 Na6 11. Bf4 c5 12. Rfd1 c4 13. Qc2 f5 14. h4 Nc7 15. e3 Ne6 16. Bh3 Nxf4 17. exf4 a6 18. a4 Kh8 19. Ne5 Rc8 20. Kg2 Rc7 21. Rh1 Bf6 22. f3 Bxe5 23. fxe5 Nxc3 24. bxc3 f4 25. Rae1 Bc6 26. e6 Qe8 27. Qb1 Bxa4 28. Re5 Bc6 29. Rhe1 Qg6 30. Qxg6 hxg6 31. h5 Kh7 32. gxf4 Re8 33. Rg5 gxh5 34. Bf5+ Kg8 35. Bg6 Ra8 36. Rxh5 Be8 37. f5 Rc6 38. Bxe8 Rxe8 39. Reh1 Kf8 40. Rh8+ Ke7 41. f6+ 1-0

[Event "Int SVK-ch GM 2020"]
[Site "Drienica"]
[Date "2020.08.13"]
[Round "7.4"]
[White "Jurcik, Marian"]
[Black "Mazur, Stefan"]
[Result "1-0"]
[ECO "A52"]
[WhiteElo "2441"]
[BlackElo "2449"]
[Annotator "ChessBase"]
[PlyCount "65"]
[EventDate "2020.08.07"]
[EventType "tourn"]
[EventCountry "SVK"]
[SourceTitle "playchess.com"]
[Source "ChessBase"]
[SourceQuality "1"]
[TimeControl "40/5400+30:1800+30"]

1. d4 Nf6 2. c4 e5 3. dxe5 Ng4 4. e3 Nxe5 5. f4 Ng6 6. h4 Bb4+ 7. Kf2 Qf6 8. Qd4 Qxd4 9. exd4 d5 10. h5 Nf8 11. Nc3 Bxc3 12. bxc3 Be6 13. cxd5 Bxd5 14. Ba3 Nfd7 15. Re1+ Kd8 16. c4 Be6 17. Bd3 Nf6 18. Nf3 a5 19. Ng5 h6 20. Nxe6+ fxe6 21. Rxe6 Nc6 22. Bb2 Re8 23. Rxe8+ Nxe8 24. d5 Nb4 25. Bg6 Nxa2 26. Re1 Kd7 27. Bf5+ Kd8 28. Bg6 Kd7 29. g4 a4 30. g5 Nb4 31. Rxe8 Rxe8 32. Bxg7 a3 33. gxh6 1-0